 Dungeon Sprint DCSS version 0.29.1-2-gbd0b4ee654 (webtiles) character file.

Game seed: 537231305573013585

2819 boopmooplesden the Bludgeoner (level 9, 0/144 HPs)
             Began as a Minotaur Berserker on Nov 16, 2022.
             Was a High Priest of Trog.
             Slain by an air elemental (1 damage)
             ... in the Dungeon (Sprint V: "Ziggurat Sprint").
             The game lasted 00:03:12 (704 turns).

boopmooplesden the Bludgeoner (Minotaur Berserker)   Turns: 704, Time: 00:03:13

Health: 0/144      AC: 26    Str: 30    XL:     9   Next: 45%
Magic:  8/8        EV:  8    Int:  4    God:    Trog [*****.]
Gold:   0          SH:  0    Dex: 16    Spells: 8/8 levels left

rFire   + + .      SeeInvis .   j - +10 dark maul {vorpal}
rCold   . . .      Faith    .   (shield currently unavailable)
rNeg    . . .      Spirit   .   i - +5 gold dragon scales
rPois   +          Reflect  .   (helmet restricted)
rElec   .          Harm     .   (no cloak)
rCorr   .          Rampage  .   J - +2 pair of gloves {Stlth+}
Will    .....      NoTele   +   (no boots)
Stlth   ..........              (no amulet)
HPRegen 0.34/turn               H - ring "Resyg" {Fly rF+ rC- Str+4}
MPRegen 0.11/turn               p - +6 ring of dexterity

@: berserking (expiring), flying, very quick
A: horns 2, retaliatory headbutt
a: Renounce Religion, Berserk, Trog's Hand, Brothers in Arms


You were in the Dungeon.
You worshipped Trog.
Trog was extremely pleased with you.
You visited 1 branch

Inventory:

Hand Weapons
 a - a +0 mace
 b - a +5 great mace
 j - the +10 dark maul (weapon) {vorpal}
   (You found it in the Dungeon)

   It inflicts extra damage upon your enemies.
 m - the +7 great mace "Firestarter" {inner flame, rF++}
   (You found it in the Dungeon)

   It burns those it strikes, dealing additional fire damage.
   It fills those it strikes with an explosive inner flame.
   It grants immunity to clouds of flame.
   rF:        It greatly protects you from fire.
 n - the +6 shillelagh "Devastator" {shatter}
   (You found it in the Dungeon)

   It releases a powerful concussive burst when it strikes, dealing extra damage
   to the target and all other foes adjacent to them.
 L - the +5 quarterstaff "Bapit" {freeze, +Blink rElec Dex+2}
   (You found it in the Dungeon)

   It freezes those it strikes, dealing additional cold damage.
   It can also slow down cold-blooded creatures.
   Dex:       It affects your dexterity (+2).
   rElec:     It insulates you from electricity.
   +Blink:    It lets you blink.
Armour
 i - +5 gold dragon scales (worn)
 k - the +15 Maxwell's patent armour {-Cast -Tele rElec Will+ rCorr}
   (You found it in the Dungeon)

   rElec:     It insulates you from electricity.
   -Cast:     It prevents spellcasting.
   -Tele:     It prevents most forms of teleportation.
   rCorr:     It protects you from acid and corrosion.
   Will:      It increases your willpower.
 l - the +18 shield of the Gong {rElec rN+ Will+ EV-5}
   (You found it in the Dungeon)

   It is deafeningly noisy when blocking attacks.
   EV:        It affects your evasion (-5).
   rElec:     It insulates you from electricity.
   rN:        It protects you from negative energy.
   Will:      It increases your willpower.
 J - a +2 pair of gloves of stealth (worn)
Jewellery
 o - a ring of flight
 p - a +6 ring of dexterity (right hand)
 q - a +6 ring of dexterity
 r - a +6 ring of intelligence
 s - a +6 ring of intelligence
 t - a +6 ring of strength
 u - a +6 ring of strength
 H - the ring "Resyg" (left hand) {Fly rF+ rC- Str+4}
   (You found it in the Dungeon)

   [ring of protection from fire]

   Str:       It affects your strength (+4).
   rF:        It protects you from fire.
   rC:        It makes you vulnerable to cold.
   Fly:       It grants you flight.
 K - a +4 ring of protection
Wands
 v - a wand of mindburst (7)
 w - a wand of iceblast (7)
 x - a wand of light (7)
Scrolls
 h - 4 scrolls of blinking
 z - 7 scrolls of fog
 A - 5 scrolls of identify
 B - 2 scrolls of fear
Potions
 c - 10 potions of curing
 d - 10 potions of heal wounds
 e - 6 potions of haste
 f - 7 potions of magic
 g - 3 potions of berserk rage
 C - 2 potions of invisibility
 D - 4 potions of resistance
 E - a potion of experience
 F - 5 potions of might
Miscellaneous
 y - a lightning rod (4/4)
 G - a phantom mirror
 I - a condenser vane


   Skills:
 + Level 14.6 Fighting
 + Level 18.7 Maces & Flails
 + Level 10.4 Armour
 + Level 5.4 Dodging


You had 8 spell levels left.
You didn't know any spells.
Your spell library was empty.

Dungeon Overview and Level Annotations

Branches:
Dungeon (1/1)

Altars:
Ashenzari
Cheibriados
Dithmenos
Elyvilon
Fedhas
Gozag
Hepliaklqana
Kikubaaqudgha
Makhleb
Nemelex Xobeh
Okawaru
Qazlal
Ru
Sif Muna
Trog
Uskayaw
Vehumet
Wu Jian
Xom
Yredelemnul
Zin
The Shining One
Jiyva
Lugonu

Annotations:
D 1 transporter


Innate Abilities, Weirdness & Mutations

You have a pair of horns on your head.
You reflexively headbutt those who attack you in melee.


Message History

The stunning burst hits you but does no damage.
You shrug off the repeated paralysis!
The air elemental hits you but does no damage.
The air elemental misses you. You furiously retaliate!
You headbutt the air elemental!
The air elemental completely misses you.
You furiously retaliate!
You headbutt the air elemental!
The air elemental fires a burst of electricity at you.
The stunning burst hits you but does no damage.
You shrug off the repeated paralysis!
The air elemental hits you but does no damage.
The air elemental barely misses you.
The air elemental fires a burst of electricity at you.
The stunning burst hits you!
You shrug off the repeated paralysis!
* * * LOW HITPOINT WARNING * * *
The air elemental hits you but does no damage.
The air elemental fires a burst of electricity at you.
The stunning burst hits the air elemental.
The air elemental completely resists.
The stunning burst hits you but does no damage.
You shrug off the repeated paralysis!
The wind drake bites you.
* * * LOW HITPOINT WARNING * * *
The air elemental hits you but does no damage.
The air elemental hits you.
* * * LOW HITPOINT WARNING * * *
The air elemental hits you but does no damage.
The air elemental barely misses you. You furiously retaliate!
You headbutt the air elemental!
Unknown command.
Unknown command.
You bludgeon the air elemental!!
You destroy the air elemental!
Trog accepts your kill.
The air elemental hits you but does no damage. x2
The air elemental fires a burst of electricity at you.
The stunning burst hits you but does no damage.
You shrug off the repeated paralysis!
The air elemental hits you.
* * * LOW HITPOINT WARNING * * *
The air elemental hits you.
You die...

▓▓▓▓▓▓▓▓▓▓▓▓▓▓▓▓▓▓▓
▓...8©8...▓..8©8..▓
▓.."}=[...▓..[||..▓
▓...[})...▓....|..▓
▓.........▓.......▓
▓.........▓.......▓
▓.........▓.......▓
▓...EEE...▓..÷))..▓
▓.▓.E@k.▓.▓...))..▓
▓...k©....▓...©...▓
▓▓▓▓▓▓▓▓▓▓▓▓▓▓▓▓▓▓▓
▓..8©8..▓ ▓..}[}..▓
▓..|):..▓ ▓.......▓
▓.......▓ ▓.......▓


You could see 2 wind drakes and 4 air elementals.

Vanquished Creatures
  A spriggan druid (D)
  An ugly thing (D)
  A rust devil (D)
  A queen bee (shapeshifter) (D)
  An air elemental (D)
  2 spriggans (D)
  A ynoxinul (D)
  A hog (shapeshifter) (D)
  3 neqoxecs (D)
  2 black bears (D)
  A wolf (D)
  A necrophage (D)
  2 jellies (D)
  An iguana (D)
  A river rat (D)
  A shadow imp (D)
  2 white imps (D)
  An adder skeleton (D)
  An adder zombie (D)
  A bat skeleton (D)
  A bat zombie (D)
  An endoplasm (D)
  2 jackals (D)
  A ball python zombie (D)
31 creatures vanquished.

Notes
Turn   | Place    | Note
-------+----------+-------------------------------------------
     0 | D        | boopmooplesden the Minotaur Berserker began the quest for
                  | the Orb.
     0 | D        | Reached XP level 1. HP: 19/19 MP: 0/0
     3 | D        | Found a blossoming altar of Fedhas.
     3 | D        | Found the +6 Majin-Bo {vamp, MP+6 Int+6}
     3 | D        | Found the +9 heavy crossbow "Sniper" {vorpal, Acc+∞ SInv}
     3 | D        | Found the +10 dark maul {vorpal}
     3 | D        | Found the +15 Maxwell's patent armour {-Cast -Tele rElec
                  | Will+ rCorr}
     3 | D        | Found the +18 shield of the Gong {rElec rN+ Will+ EV-5}
     3 | D        | Found the +14 obsidian axe {vorpal, Mesm Drain Fly SInv}
     3 | D        | Found the +7 great mace "Firestarter" {inner flame, rF++}
     3 | D        | Found the +6 shillelagh "Devastator" {shatter}
     3 | D        | Found the +11 plutonium sword {Contam Stlth-}
     3 | D        | Found the +8 lance "Wyrmbane" {slay drac, rPois rF+ rC+
                  | AC+3}
     3 | D        | Found the +9 sword of Zonguldrok {reap}
     3 | D        | Found the +13 scythe of Curses {drain, Drain}
     3 | D        | Found the +5 sword of Power {vorpal}
     3 | D        | Found the +7 mace of Variability {chain chaos}
     3 | D        | Found the +7 Singing Sword {vorpal, sonic wave}
     3 | D        | Found the +8 storm bow {elec, penet}
    17 | D        | Found a transporter.
    17 | D        | Found a viscous altar of Jiyva.
    17 | D        | Found an ancient bone altar of Kikubaaqudgha.
    17 | D        | Found a hazy altar of Hepliaklqana.
    17 | D        | Found a corrupted altar of Lugonu.
    17 | D        | Found an opulent altar of Gozag.
    17 | D        | Found a burning altar of Makhleb.
    30 | D        | Found an iron altar of Okawaru.
    30 | D        | Found a stormy altar of Qazlal.
    30 | D        | Found a sparkling altar of Nemelex Xobeh.
    30 | D        | Found a sacrificial altar of Ru.
    30 | D        | Found a shimmering blue altar of Sif Muna.
    41 | D        | Found a bloodstained altar of Trog.
    70 | D        | Entered arena 2.
    70 | D        | Noticed a necrophage
    70 | D        | Found a transporter.
    72 | D        | Reached skill level 4 in Maces & Flails
    72 | D        | Killed a necrophage
    73 | D        | Reached skill level 7 in Maces & Flails
    73 | D        | Reached XP level 2. HP: 31/31 MP: 1/1
    73 | D        | Reached XP level 3. HP: 38/38 MP: 2/2
    78 | D        | Entered arena 3.
    78 | D        | Found a transporter.
    81 | D        | Reached ** piety under Trog
    83 | D        | Reached XP level 4. HP: 34/47 MP: 3/3
    85 | D        | Reached skill level 8 in Maces & Flails
   169 | D        | Entered arena 4.
   169 | D        | Noticed a ynoxinul
   169 | D        | Noticed a rust devil
   169 | D        | Found a transporter.
   171 | D        | Killed a rust devil
   172 | D        | Reached skill level 10 in Fighting
   172 | D        | Reached skill level 12 in Maces & Flails
   172 | D        | Reached skill level 5 in Dodging
   172 | D        | Reached XP level 5. HP: 43/59 MP: 4/4
   172 | D        | Reached XP level 6. HP: 49/67 MP: 5/5
   172 | D        | Killed a ynoxinul
   172 | D        | Reached *** piety under Trog
   173 | D        | Reached skill level 13 in Maces & Flails
   173 | D        | Reached XP level 7. HP: 55/74 MP: 6/6
   182 | D        | Entered arena 5.
   182 | D        | Found a transporter.
   184 | D        | Reached **** piety under Trog
   192 | D        | Got the ring "Resyg" {Fly rF+ rC- Str+4}
   198 | D        | Entered arena 6.
   198 | D        | Found a transporter.
   202 | D        | Reached ***** piety under Trog
   220 | D        | Entered arena 7.
   220 | D        | Noticed a spriggan
   220 | D        | Noticed a spriggan druid
   220 | D        | Noticed a spriggan
   221 | D        | Found a transporter.
   228 | D        | Reached skill level 14 in Maces & Flails
   228 | D        | Received a gift from Trog
   230 | D        | Killed a spriggan
   231 | D        | Reached skill level 15 in Maces & Flails
   231 | D        | Reached XP level 8. HP: 45/85 MP: 7/7
   231 | D        | Killed a spriggan druid
   232 | D        | Reached skill level 16 in Maces & Flails
   248 | D        | Got the +5 quarterstaff "Bapit" {freeze, +Blink rElec
                  | Dex+2}
   465 | D        | Entered arena 8.
   465 | D        | Noticed a white ugly thing
   466 | D        | Found a transporter.
   467 | D        | Noticed a queen bee
   467 | D        | a human changed into a queen bee
   469 | D        | Killed a white ugly thing
   470 | D        | Reached skill level 17 in Maces & Flails
   470 | D        | Reached XP level 9. HP: 93/95 MP: 8/8
   471 | D        | Received a gift from Trog
   474 | D        | Killed a queen bee
   475 | D        | Reached skill level 18 in Maces & Flails
   475 | D        | Reached skill level 10 in Armour
   698 | D        | Entered arena 9.
   698 | D        | Noticed a wind drake
   698 | D        | Noticed a wind drake
   698 | D        | Paralysed by an air elemental for 1 turns
   700 | D        | Found a transporter.
   702 | D        | Paralysed by an air elemental for 1 turns
   703 | D        | HP: 4/144 [air elemental (5)]
   704 | D        | HP: 1/144 [air elemental (4)]
   704 | D        | Slain by an air elemental

Illustrated notes

Levels and vault maps discovered:
D:        sprint_v [room_start, room_1, room_2, room_3, room_4, room_5, room_6,
          room_7, room_8, room_9, room_10, room_11, room_12, room_13, room_14,
          room_15, room_16, room_17, room_18, room_19, room_20, room_21,
          room_22, room_23, room_24, room_25, room_26, room_27]

Skill      XL: |  1  2  3  4  5  6  7  8  9 |
---------------+----------------------------+-----
Fighting       | 6 7 10 11 12 14 | 14.6
Maces & Flails | 7 12 13 15 17 18 | 18.7
Armour         | 3 6 7 9 10 | 10.4
Dodging        | 3 5 |  5.4

Action                   |  1- 3 |  4- 6 |  7- 9 || total
-------------------------+-------+-------+-------++-------
Melee: Maul              |     4 |     4 |    34 ||    42
       Headbutt          |       |     1 |       ||     1
Invok: Berserk           |       |       |     3 ||     3
Armor: Gold dragon scale |     7 |     7 |   113 ||   127
Dodge: Dodged            |     4 |     1 |    40 ||    45
